 Dungeon Crawl Stone Soup version 0.22.1-1-ga44c0e56f4 (webtiles) character file.

11246 PikkenKukken the Martial Artist (level 11, -17/71 HPs)
             Began as an Octopode Transmuter on Oct 4, 2018.
             Was an Initiate of Gozag.
             Demolished by a ten-headed hydra (18 damage)
             ... on level 1 of the Lair of Beasts.
             The game lasted 01:34:17 (20148 turns).

PikkenKukken the Martial Artist (OpTm)             Turns: 20148, Time: 01:34:18

Health: -17/71     AC:  1    Str: 12    XL:     11   Next: 74%
Magic:  12/37      EV: 16    Int: 17    God:    Gozag
Gold:   1574       SH:  4    Dex: 12    Spells: 2/21 levels left

rFire    . . .     SeeInvis +     - Unarmed
rCold    . . .     Gourm    .   (shield currently unavailable)
rNeg     + . .     Faith    .   (helmet restricted)
rPois    +         Spirit   .   e - +4 amulet of reflection
rElec    .         Reflect  +   w - ring of magical power
rCorr    .         Harm     .   y - ring of magical power
MR       +....                  E - ring of protection from magic
Stlth    ++++......             v - ring of positive energy
HPRegen  0.21/turn              D - ring of wizardry
MPRegen  0.25/turn              K - ring of poison resistance
                                L - ring of flight (curse)
                                O - ring of see invisible

@: blade tentacles, very slightly contaminated
A: almost no armour, stealthy swim, amphibious, 8 rings, constrict 8, camouflage
1, gelatinous body 1
a: End Transformation, Potion Petition, Call Merchant, Bribe Branch, Renounce
Religion, Evoke Flight


You were on level 1 of the Lair of Beasts.
You worshipped Gozag.
Gozag was most pleased with you.
You were not hungry.
You had blades for tentacles.
You visited 3 branches of the dungeon, and saw 12 of its levels.
You also visited: Sewer.

You collected 2542 gold pieces.
You spent 888 gold pieces at shops.
You paid 80 gold pieces to Gozag.

Inventory:

Hand Weapons
 b - a +0 hunting sling
Missiles
 a - 36 arrows
 n - 55 sling bullets
 o - 18 tomahawks
 r - 14 javelins (quivered)
 t - 3 throwing nets
 u - 5 curare-tipped needles
Armour
 m - a +0 buckler (melded)
Jewellery
 e - a +4 amulet of reflection (around mantle)
 v - a ring of positive energy (on tentacle)
 w - a ring of magical power (left scythe-like blade)
 y - a ring of magical power (right scythe-like blade)
 D - a ring of wizardry (on tentacle)
 E - a ring of protection from magic (on tentacle)
 K - a ring of poison resistance (on tentacle)
 L - a cursed ring of flight (on tentacle)
 O - a ring of see invisible (on tentacle)
Wands
 p - a wand of iceblast (10)
 F - a wand of clouds (11)
 G - a wand of acid (7)
 I - a wand of polymorph (22)
 M - a wand of enslavement (12)
 N - a wand of disintegration (6)
Scrolls
 d - 2 scrolls of teleportation
 f - 7 scrolls of remove curse
 h - 4 scrolls of enchant weapon
 i - 5 scrolls of enchant armour
 q - 2 scrolls of magic mapping
 H - 3 scrolls of amnesia
Potions
 g - 8 potions of curing
 j - a potion of haste {unknown}
 l - a potion of brilliance {unknown}
 x - 3 potions of magic
 z - 2 potions of might
 A - 2 potions of ambrosia
 B - 5 potions of agility
 C - 5 potions of lignification
 J - 2 potions of berserk rage
 P - a potion of heal wounds
Miscellaneous
 s - a phantom mirror
Comestibles
 c - 21 rations


   Skills:
 - Level 5.1 Fighting
 - Level 6.1 Dodging
 - Level 5.8 Stealth
 - Level 4.0 Shields
 + Level 12.1 Unarmed Combat
 - Level 5.5 Spellcasting
 - Level 8.0 Transmutations
 - Level 2.1 Ice Magic


You had 2 spell levels left.
You knew the following spells:

 Your Spells              Type           Power        Failure   Level  Hunger
a - Beastly Appendage     Tmut           ####..       4%          1    None
b - Sticks to Snakes      Tmut           ####....     6%          2    #......
c - Spider Form           Tmut/Pois      ###.......   17%         3    ##.....
d - Ice Form              Ice/Tmut       ###.....     28%         4    ####...
e - Blade Hands           Tmut           ####......   26%         5    ######.
f - Petrify               Tmut/Erth      ###.....     36%         4    ####...

Your spell library contained the following spells:

 Spells                   Type           Power        Failure   Level  Hunger
 Passwall                 Tmut/Erth      ###.....     12%         2    #......
 Sandblast                Erth           #.....       26%         1    None
 Stone Arrow              Conj/Erth      #.....       45%         3    ##.....
 Lee's Rapid Deconstruct  Erth           #.........   96%         5    ######.


Dungeon Overview and Level Annotations

Branches:
Dungeon (10/15)            Temple (1/1) D:7            Lair (1/6) D:8
    Orc: D:9-12

Altars:
Ashenzari
Cheibriados
Dithmenos
Elyvilon
Fedhas
Gozag
Hepliaklqana
Kikubaaqudgha
Makhleb
Nemelex Xobeh
Okawaru
Qazlal
Ru
Sif Muna
Trog
Uskayaw
Vehumet
Wu Jian
Xom
Yredelemnul
Zin
The Shining One

Shops:
D:6 *:%*   D:8 [

Portals:
Trove: D:10 (show slimy rune of Zot)

Annotations:
D:6 1 runed door


Innate Abilities, Weirdness & Mutations

You cannot wear most types of armour.
You are very stealthy in the water. (Stealth+)
You are amphibious.
You can wear up to eight rings at the same time.
You can use your tentacles to constrict eight enemies at once.
Your skin changes colour to match your surroundings (Stealth+).
Your rubbery body absorbs attacks. (AC +1, EV +1)


Message History

The ten-headed hydra is heavily wounded.
The ten-headed hydra is no longer petrified.
The ten-headed hydra barely misses you.
The ten-headed hydra closely misses you.
The ten-headed hydra bites you. The ten-headed hydra bites you!
The ten-headed hydra bites you. The ten-headed hydra misses you.
The ten-headed hydra closely misses you.
The ten-headed hydra bites you!
The ten-headed hydra completely misses you.
The ten-headed hydra bites you!
You hit the ten-headed hydra but do no damage.
You squeeze the ten-headed hydra.
The ten-headed hydra is severely wounded.
The ten-headed hydra bites you!
* * * LOW HITPOINT WARNING * * *
The ten-headed hydra bites you!
* * * LOW HITPOINT WARNING * * *
The ten-headed hydra misses you. The ten-headed hydra bites you!!
You die...
Your body crumbles into a pile of gold.

.............................#
.............................#
......)......................#
.............................#
.............................#
...P......#.......#..........# #
...D....P##..###..#........#.####
.................................
...............D@................
.................................
..............##....#............
........###...##.....#.....P..###
.P#...#.###...##....##..#.#....##
..............##..............(..
####.P...........................
# ##P........###..............##
###.####### #P#####.###...##


You could see a ten-headed hydra.

Vanquished Creatures
  Harold (D:7)
  Erica (D:10)
  6 spiny frogs (Lair:1)
  A komodo dragon (Lair:1)
  A queen bee (D:10)
  Prince Ribbit (D:8)
  3 hippogriffs
  10 yaks
  A wyvern (D:9)
  Eustachio (D:5)
  A steam dragon (D:8)
  Menkaure (D:6)
  A water moccasin (D:6)
  Duvessa (D:5)
  A porcupine (Lair:1)
  7 orc warriors
  3 ice beasts
  2 sky beasts
  A black bear (D:8)
  A necrophage (D:5)
  2 phantoms
  2 ogres (D:6)
  2 centaurs
  2 crocodiles
  5 bullfrogs
  2 big kobolds (D:9)
  Dowan (D:5)
  A wyvern skeleton (D:10)
  2 scorpions (D:8)
  19 killer bees
  A howler monkey (D:4)
  2 crimson imps
  A bullfrog zombie (D:10)
  A hound (D:5)
  3 jellies
  6 orc priests
  7 orc wizards
  An iguana (D:10)
  Ijyb (D:3)
  9 worker ants
  3 hound skeletons
  A worker ant zombie (D:5)
  13 adders
  4 river rats
  A shadow imp (D:5)
  An ooze (D:3)
  A worm (D:5)
  2 dart slugs
  6 leopard geckos
  40 orcs
  14 bats
  3 giant cockroaches
  6 goblins
  7 hobgoblins
  10 jackals
  3 quokkas
  6 ball pythons
  11 frilled lizards
  19 kobolds
  19 rats
  A spectral orc (D:5)
286 creatures vanquished.

Vanquished Creatures (collateral kills)
  A spiny frog (Lair:1)
  An orc warrior (D:8)
  A centaur (D:10)
  2 ogres
  A scorpion (D:4)
  A crimson imp (D:5)
  4 worms
  2 leopard geckos
  5 orcs (D:8)
  A ball python (D:5)
  A giant cockroach (D:8)
20 creatures vanquished.

Vanquished Creatures (others)
  A fungus (Lair:1)
  A plant (Lair:1)
2 creatures vanquished.

Grand Total: 308 creatures vanquished

Notes
Turn   | Place    | Note
-------+----------+-------------------------------------------
     0 | D:1      | PikkenKukken the Octopode Transmuter began the quest for
                  | the Orb.
     0 | D:1      | Reached XP level 1. HP: 13/13 MP: 3/3
   207 | D:1      | Reached XP level 2. HP: 18/18 MP: 5/5
   212 | D:1      | Learned a level 2 spell: Sticks to Snakes
   821 | D:1      | Reached XP level 3. HP: 23/23 MP: 6/6
  1185 | D:2      | Found a bloodstained altar of Trog.
  1320 | D:2      | Reached skill level 4 in Unarmed Combat
  1638 | D:2      | Noticed an ogre
  1658 | D:2      | Learned a level 3 spell: Spider Form
  1720 | D:2      | Reached XP level 4. HP: 14/28 MP: 3/7
  2614 | D:2      | Killed an ogre
  2614 | D:2      | Reached XP level 5. HP: 12/33 MP: 2/8
  3251 | D:3      | Noticed Ijyb
  3258 | D:3      | Killed Ijyb
  3334 | D:3      | Reached XP level 6. HP: 37/38 MP: 7/9
  3696 | D:3      | Found a glowing golden altar of the Shining One.
  3696 | D:3      | Found a radiant altar of Vehumet.
  4109 | D:4      | Reached skill level 5 in Transmutations
  4236 | D:4      | Noticed a sky beast
  4776 | D:4      | Killed a sky beast
  4872 | D:4      | Found a burning altar of Makhleb.
  4912 | D:4      | Reached XP level 7. HP: 45/45 MP: 10/10
  5036 | D:5      | Entered Level 5 of the Dungeon
  5134 | D:5      | Noticed Eustachio
  5372 | D:5      | Reached skill level 5 in Unarmed Combat
  5649 | D:5      | Found a glowing drain.
  5663 | Sewer    | Entered a sewer
  6292 | D:5      | Noticed Dowan
  6304 | D:5      | Learned a level 4 spell: Ice Form
  6324 | D:5      | Noticed Duvessa
  6345 | D:5      | Killed Duvessa
  6345 | D:5      | Reached skill level 1 in Ice Magic
  6358 | D:5      | Killed Dowan
  6591 | D:5      | Found an ornate altar of the Wu Jian Council.
  6749 | D:5      | Reached skill level 6 in Unarmed Combat
  6749 | D:5      | Reached XP level 8. HP: 52/52 MP: 11/11
  7031 | D:5      | Reached skill level 7 in Unarmed Combat
  7313 | D:5      | Killed Eustachio
  7375 | D:5      | Reached skill level 8 in Unarmed Combat
  7601 | D:5      | Found a basalt altar of Yredelemnul.
  7935 | D:6      | Found a runed door.
  8048 | D:6      | Found Pioxtoqir's Food Shop.
  8456 | D:6      | Found Iloruav's Assorted Antiques.
  8459 | D:6      | Bought a large coral ring for 120 gold pieces
  8459 | D:6      | Bought a scroll of identify for 48 gold pieces
  8575 | D:6      | Reached XP level 9. HP: 56/56 MP: 12/12
  8870 | D:6      | Found Papith's Book Shoppe.
  8901 | D:6      | Found a hazy altar of Hepliaklqana.
  8935 | D:6      | Reached skill level 9 in Unarmed Combat
  8962 | D:6      | Noticed Menkaure
  8970 | D:6      | Killed Menkaure
  9280 | D:6      | Found Males's General Store.
  9455 | D:6      | Found a shimmering altar of Xom.
  9956 | D:7      | Noticed Harold
 10342 | D:7      | Found a staircase to the Ecumenical Temple.
 10356 | Temple   | Entered the Ecumenical Temple
 10537 | Temple   | Became a worshipper of Gozag Ym Sagoz the Greedy
 11312 | D:8      | Found Gorheneu's Antique Armour Shop.
 11324 | D:8      | Reached skill level 1 in Shields
 11324 | D:8      | Reached skill level 10 in Unarmed Combat
 11337 | D:8      | Found a staircase to the Lair.
 11375 | D:8      | Identified a scroll of acquirement
 11638 | D:6      | Bought a ration for 50 gold pieces
 11638 | D:6      | Bought a potion of curing for 30 gold pieces
 11638 | D:6      | Bought a ration for 50 gold pieces
 11638 | D:6      | Bought a ration for 50 gold pieces
 11771 | D:8      | Noticed Prince Ribbit
 11821 | D:8      | Killed Prince Ribbit
 11959 | D:8      | Found a basalt altar of Yredelemnul.
 12065 | D:8      | Reached XP level 10. HP: 63/63 MP: 13/13
 12308 | D:8      | Found a glowing silver altar of Zin.
 13975 | D:10     | Entered Level 10 of the Dungeon
 14042 | D:10     | Noticed Erica
 14781 | D:10     | Learned a level 5 spell: Blade Hands
 14869 | D:10     | Reached skill level 5 in Fighting
 15355 | D:10     | Reached skill level 1 in Stealth
 15537 | D:7      | Killed Harold
 15537 | D:7      | Reached skill level 5 in Stealth
 15537 | D:7      | Reached XP level 11. HP: 27/71 MP: 17/17
 16032 | D:6      | Bought a ration for 60 gold pieces
 16032 | D:6      | Bought a ration for 60 gold pieces
 16032 | D:6      | Bought a ration for 60 gold pieces
 16032 | D:6      | Bought a ration for 60 gold pieces
 16032 | D:6      | Bought a ration for 60 gold pieces
 16032 | D:6      | Bought a ration for 60 gold pieces
 16032 | D:6      | Bought a ration for 60 gold pieces
 16032 | D:6      | Bought a ration for 60 gold pieces
 16032 | D:6      | Bought a ration for 60 gold pieces
 16272 | D:10     | Killed Erica
 16272 | D:10     | Reached skill level 5 in Spellcasting
 16918 | D:10     | Found a portal to a secret trove of treasure.
 17272 | D:10     | Reached skill level 5 in Dodging
 17375 | D:10     | Learned a level 4 spell: Petrify
 18115 | Lair:1   | Entered Level 1 of the Lair of Beasts
 18540 | Lair:1   | Reached skill level 11 in Unarmed Combat
 19364 | Lair:1   | Noticed a seven-headed hydra
 19376 | Lair:1   | HP: 1/71 [seven-headed hydra (12)]
 19724 | Lair:1   | Reached skill level 12 in Unarmed Combat
 20148 | Lair:1   | HP: 1/71 [ten-headed hydra (14)]
 20148 | Lair:1   | Demolished by a ten-headed hydra

Skill      XL: |  1  2  3  4  5  6  7  8  9 10 11 |
---------------+----------------------------------+-----
Unarmed Combat | 4 6 8 10 12 | 12.1
Transmutations | 3 4 5 6 8 |  8.0
Fighting       | 2 3 5 |  5.1
Ice Magic      | 2 |  2.1
Shields        | 2 4 |  4.0
Dodging        | 3 4 6 |  6.1
Spellcasting   | 4 5 |  5.5
Stealth        | 5 |  5.8

Action                   |  1- 3 |  4- 6 |  7- 9 | 10-12 || total
-------------------------+-------+-------+-------+-------++-------
Melee: Unarmed           |    73 |    91 |   235 |   252 ||   651
       Constrict         |    25 |    13 |    10 |    27 ||    75
       Kick              |    16 |    10 |     4 |    19 ||    49
       Tentacles         |     9 |     9 |     4 |    20 ||    42
       Punch             |     2 |       |     2 |    11 ||    15
 Fire: Hunting sling     |       |    37 |    99 |    27 ||   163
Throw: Javelin           |       |       |       |     1 ||     1
 Cast: Beastly Appendage |    27 |    19 |     7 |    18 ||    71
       Sticks to Snakes  |     4 |    10 |    33 |    39 ||    86
       Spider Form       |       |    11 |    11 |     1 ||    23
       Ice Form          |       |       |    23 |    20 ||    43
       Blade Hands       |       |       |       |    15 ||    15
       Petrify           |       |       |       |    17 ||    17
Invok: Potion Petition   |       |       |       |     1 ||     1
 Abil: End Transformatio |       |       |       |     1 ||     1
  Use: Scroll            |     7 |     4 |     7 |    10 ||    28
       Potion            |       |       |     1 |     1 ||     2
 Stab: Sleeping          |    10 |     3 |     1 |     1 ||    15
       Distracted        |       |       |       |     3 ||     3
       Petrified         |       |       |       |    12 ||    12
  Eat: Chunk             |     3 |    12 |    18 |       ||    33
       Ration            |       |       |     4 |    12 ||    16
Armor: Skin              |    13 |    18 |    60 |    16 ||   107
Dodge: Dodged            |    44 |    62 |   144 |   119 ||   369
Block: Buckler           |       |       |     1 |    31 ||    32
       Other             |       |       |       |    14 ||    14
       Reflection        |       |       |       |     1 ||     1
